 Dungeon Crawl Stone Soup version 0.28.0-43-g3370ac3207 (webtiles) character file.

Game seed: 3709361518613920272

3915 protoss039 the Thaumaturge (level 10, 0/52 HPs)
             Began as a Deep Elf Air Elementalist on Mar 22, 2022.
             Was an Initiate of Sif Muna.
             Hit by a large rock thrown by a cyclops (35 damage)
             ... on level 7 of the Dungeon.
             The game lasted 00:22:42 (11019 turns).

protoss039 the Thaumaturge (DEAE)                  Turns: 11019, Time: 00:22:42

Health: 0/52       AC:  7    Str:  9    XL:     10   Next: 1%
Magic:  15/27      EV: 13    Int: 28    God:    Sif Muna [......]
Gold:   405        SH:  0    Dex: 15    Spells: 7/31 levels left

rFire   . . .      SeeInvis .   w - +8 falchion of Zuaqaib {venom, Str+4 Int+3}
rCold   . . .      Faith    .   (no shield)
rNeg    . . .      Spirit   .   A - +0 steam dragon scales
rPois   .          Reflect  .   (no helmet)
rElec   .          Harm     .   (no cloak)
rCorr   .          Rampage  .   o - +1 pair of gloves
Will    +....                   (no boots)
Stlth   ++........              (no amulet)
HPRegen 0.17/turn               (no ring)
MPRegen 0.20/turn               (no ring)

@: no status effects
A: no striking features
a: Renounce Religion


You were on level 7 of the Dungeon.
You worshipped Sif Muna.
Sif Muna was noncommittal.
You visited 2 branches of the dungeon, and saw 8 of its levels.
You also visited: Sewer.

You collected 405 gold pieces.

Inventory:

Hand Weapons
 w - the +8 falchion of Zuaqaib (weapon) {venom, Str+4 Int+3}
   (You found it on level 5 of the Dungeon)

   It poisons the flesh of those it strikes.
   Str:       It affects your strength (+4).
   Int:       It affects your intelligence (+3).
 x - a +2 whip of flaming
Armour
 o - a +1 pair of gloves (worn)
 A - +0 steam dragon scales (worn)
Wands
 t - a wand of iceblast (10)
 y - a wand of acid (9)
 z - a wand of paralysis (12)
Scrolls
 a - a scroll of amnesia {unknown}
 b - 3 scrolls of teleportation
 e - a scroll of immolation {unknown}
 g - a scroll of silence {unknown}
 l - a scroll of enchant armour {unknown}
 m - a scroll of enchant weapon {unknown}
 n - a scroll of fog {unknown}
 q - a scroll of identify
 r - 2 scrolls of noise {unknown}
 u - a scroll of blinking {unknown}
 v - a scroll of magic mapping {unknown}
Potions
 c - 2 potions of attraction {unknown}
 d - 3 potions of ambrosia
 f - a potion of resistance {unknown}
 h - 2 potions of mutation
 i - 2 potions of magic {unknown}
 j - 3 potions of lignification {unknown}
 k - 2 potions of brilliance {unknown}
 p - 4 potions of heal wounds
 s - 2 potions of curing


   Skills:
 * Level 1.5 Fighting
 - Level 3.0 Dodging
 - Level 3.0 Stealth
 + Level 11.2 Spellcasting
 + Level 7.0 Conjurations
 - Level 3.0 Necromancy
 * Level 2.7 Ice Magic
 + Level 8.3 Air Magic
 * Level 3.0 Poison Magic
 * Level 2.2 Invocations


You had 7 spell levels left.
You knew the following spells:

 Your Spells              Type           Power      Damage    Failure   Level
a - Shock                 Conj/Air       100%       1d9       1%          1
b - Static Discharge      Conj/Air       56%        N/A       1%          2
c - Swiftness             Air            58%        N/A       1%          3
d - Airstrike             Air            29%        N/A       1%          4
e - Mephitic Cloud        Conj/Pois/Air  50%        N/A       1%          3
f - Apportation           Tloc           30%        N/A       3%          1
g - Vampiric Draining     Necr           32%        2d8       3%          3
h - Ozocubu's Armour      Ice            30%        N/A       3%          3
i - Olgreb's Toxic Radia  Pois           32%        N/A       11%         4

Your spell library contained the following spells:

 Spells                   Type           Power      Damage    Failure   Level
 Animate Skeleton         Necr           64%        N/A       1%          1
 Pain                     Necr           100%       1d9       1%          1
 Sublimation of Blood     Necr           32%        N/A       1%          2
 Summon Small Mammal      Summ           60%        N/A       3%          1
 Wereblood                Tmut           15%        N/A       5%          2
 Spider Form              Tmut/Pois      24%        N/A       6%          3
 Gell's Gravitas          Tloc           15%        N/A       11%         3
 Lesser Beckoning         Tloc           15%        N/A       11%         3
 Teleport Other           Tloc           15%        N/A       11%         3
 Ozocubu's Refrigeration  Ice            15%        4d8       100%        7
 Summon Hydra             Summ           7%         N/A       100%        7


Dungeon Overview and Level Annotations

Branches:
Dungeon (7/15)             Temple (1/1) D:7           Sewer (visited)

Altars:
Ashenzari
Cheibriados
Dithmenos
Elyvilon
Fedhas
Gozag
Hepliaklqana
Kikubaaqudgha
Makhleb
Nemelex Xobeh
Okawaru
Qazlal
Ru
Sif Muna
Trog
Uskayaw
Vehumet
Wu Jian
Xom
Yredelemnul
Zin
The Shining One

Shops:
D:3 =   D:5 =


Message History

Press: ? - help, Dir - move target, f - gnoll
Aim: a gnoll, wielding a +0 club (wandering, hasn't noticed you, empty space bonus: 6/8)
The air twists around and strikes the gnoll!!
You kill the gnoll!
Sif Muna accepts your kill.
Casting: Airstrike (dangerous; 1% risk of failure)
Confirm with . or Enter, or press ? or * to list all spells.
Aiming: Airstrike (dangerous; 1% risk of failure)
Press: ? - help, Dir - move target, f - you
Okay, then.
A cyclops comes into view.
A cyclops is nearby!
A cyclops is nearby!
A cyclops is nearby!
Casting: Airstrike (dangerous; 1% risk of failure)
Confirm with . or Enter, or press ? or * to list all spells.
Aiming: Airstrike (dangerous; 1% risk of failure)
Press: ? - help, Dir - move target, f - cyclops
Aim: a cyclops, quivering large rocks (empty space bonus: 5/8)
The air twists around and strikes the cyclops!
The cyclops is moderately wounded.
Unknown command.
Casting: Airstrike (dangerous; 1% risk of failure)
Confirm with . or Enter, or press ? or * to list all spells.
Aiming: Airstrike (dangerous; 1% risk of failure)
Press: ? - help, Dir - move target, f/p - cyclops
Aim: a cyclops, quivering large rocks (moderately wounded, empty space bonus: 5/8)
The air twists around and strikes the cyclops!
The cyclops is heavily wounded.
The cyclops throws a large rock.
The large rock hits you!!
Casting: Airstrike (dangerous; 1% risk of failure)
Confirm with . or Enter, or press ? or * to list all spells.
Aiming: Airstrike (dangerous; 1% risk of failure)
Press: ? - help, Dir - move target, f/p - cyclops
Aim: a cyclops, quivering large rocks (heavily wounded, empty space bonus: 5/8)
The air twists around and strikes the cyclops!!
The cyclops is severely wounded.
The cyclops throws a large rock.
The large rock hits you!!
Ouch! That really hurt!
You die...

≈≈.# .♣#..# #.#...## ≈≈.#
♣♣♣.#.)#####.##.## ≈≈.#
#.♣.♣.#C)#.....##.# ≈≈c#
#.♣.♣.#.....#####.## ≈≈♣#
#.♣.♣..............# ≈≈.#
#+ #..≈[...#...####...#
≈≈♣# #!# #.♣.♣.).##.##
#...# ≈≈.# #.Z #.♣.♣)#)##.#
###.### ≈≈.# #.c
#.♣.♣.#@##>###...#
≈≈.#.##'##.♣♣♣.#.##.##....#
≈≈.#....c#♣.♣.♣#..#.......#
≈.♣#.♣♣♣.#♣.♣.♣#....##...##
.♣♣#.....#♣♣.♣♣#.##.###.##
.♣♣###.### ♣.♣ #.##.# #.#
.♣.#..)..#♣♣.♣♣#)##.# #.#
♣..#♣♣♣♣.#♣...♣#.##.# #.#
....♣♣.........#.##.# #.#


You could see a cyclops.

Vanquished Creatures
  Pikel (D:6)
  Maggie (D:6)
  A wyvern (D:7)
  Eustachio (D:6)
  A steam dragon (D:7)
  Duvessa (D:5)
  An orc warrior (D:7)
  4 ice beasts
  A hornet zombie (D:7)
  2 ogres
  2 necrophages (D:5)
  4 centaurs
  A phantom (D:5)
  A kobold brigand (D:7)
  A scorpion (D:4)
  A wyvern skeleton (D:6)
  Dowan (D:5)
  5 wights (D:7)
  A howler monkey (D:3)
  2 centaur zombies
  A centaur skeleton (D:7)
  3 hounds
  5 jellies
  An orc priest (D:7)
  A bullfrog skeleton (D:5)
  3 iguanas
  2 orc wizards (D:7)
  3 killer bee zombies
  A hound zombie (D:5)
  2 howler monkey zombies
  A gnoll (D:7)
  2 river rats (Sewer)
  7 adders
  3 white imps (D:7)
  An ufetubus (D:3)
  An adder skeleton (D:4)
  2 worms
  2 dart slugs
  13 orcs
  8 bats
  21 endoplasms
  5 giant cockroaches
  5 goblins
  6 hobgoblins
  3 quokkas
  18 ball pythons
  8 frilled lizards
  8 kobolds
  10 rats
179 creatures vanquished.

Notes
Turn   | Place    | Note
-------+----------+-------------------------------------------
     0 | D:1      | protoss039 the Deep Elf Air Elementalist began the quest
                  | for the Orb.
     0 | D:1      | Reached XP level 1. HP: 10/10 MP: 6/6
   276 | D:1      | Reached XP level 2. HP: 15/15 MP: 6/8
   679 | D:1      | Found a faded altar of an unknown god.
   772 | D:1      | Learned a level 2 spell: Static Discharge
  1111 | D:2      | Reached XP level 3. HP: 15/19 MP: 5/10
  1847 | D:2      | Learned a level 3 spell: Swiftness
  2077 | D:3      | Reached XP level 4. HP: 20/24 MP: 5/11
  2078 | D:3      | Reached skill level 4 in Spellcasting
  2083 | D:3      | Got the Compendium of Envenoming
  2397 | D:3      | Found a glowing drain.
  2411 | Sewer    | Entered a sewer
  2596 | Sewer    | Learned a level 4 spell: Airstrike
  2853 | Sewer    | Reached XP level 5. HP: 28/28 MP: 6/13
  3080 | Sewer    | Reached skill level 5 in Spellcasting
  3302 | Sewer    | Found a viscous altar of Jiyva.
  3307 | Sewer    | HP: 1/28 [endoplasm (3)]
  3776 | D:3      | Found Vigyr's Jewellery Boutique.
  3841 | D:3      | Reached XP level 6. HP: 27/32 MP: 8/16
  4032 | D:3      | Learned a level 3 spell: Mephitic Cloud
  4094 | D:4      | Reached skill level 6 in Spellcasting
  4247 | D:4      | Learned a level 1 spell: Apportation
  4310 | D:4      | Found a sparkling altar of Nemelex Xobeh.
  5213 | D:4      | Reached skill level 5 in Air Magic
  5300 | D:5      | Entered Level 5 of the Dungeon
  5315 | D:5      | Reached XP level 7. HP: 36/36 MP: 13/19
  5580 | D:5      | Found Baruc's Jewellery Boutique.
  5707 | D:5      | Reached skill level 7 in Spellcasting
  5937 | D:5      | Reached skill level 1 in Poison Magic
  6138 | D:5      | Noticed Duvessa
  6140 | D:5      | Noticed Dowan
  6148 | D:5      | Killed Duvessa
  6153 | D:5      | Killed Dowan
  6154 | D:5      | Reached skill level 5 in Conjurations
  6154 | D:5      | Reached XP level 8. HP: 22/41 MP: 2/21
  6358 | D:5      | Reached skill level 8 in Spellcasting
  6469 | D:5      | Identified the +8 falchion of Zuaqaib {venom, Str+4 Int+3}
  6830 | D:5      | Learned a level 3 spell: Vampiric Draining
  7101 | D:6      | Reached skill level 1 in Necromancy
  7542 | D:6      | Noticed Maggie
  7551 | D:6      | Killed Maggie
  7552 | D:6      | Reached skill level 9 in Spellcasting
  7744 | D:6      | Noticed Pikel
  7756 | D:6      | Killed Pikel
  7757 | D:6      | Reached XP level 9. HP: 15/45 MP: 6/24
  8318 | D:6      | Noticed Eustachio
  8331 | D:6      | Killed Eustachio
  8332 | D:6      | Reached skill level 10 in Spellcasting
  8782 | D:6      | Learned a level 3 spell: Ozocubu's Armour
  8866 | D:7      | Found a staircase to the Ecumenical Temple.
  8920 | Temple   | Entered the Ecumenical Temple
  9135 | Temple   | Became a worshipper of Sif Muna the Loreminder
  9689 | D:7      | Reached skill level 1 in Ice Magic
  9802 | D:7      | Reached skill level 1 in Invocations
 10113 | D:7      | Reached skill level 1 in Fighting
 10324 | D:7      | Reached skill level 11 in Spellcasting
 10868 | D:7      | Learned a level 4 spell: Olgreb's Toxic Radiance
 10909 | D:7      | Reached XP level 10. HP: 52/52 MP: 25/27
 11016 | D:7      | Noticed a cyclops
 11019 | D:7      | Hit by a large rock thrown by a cyclops

Illustrated notes

Levels and vault maps discovered:
D:1:      nzn_arrival_water_spiral, layout_rooms,
          shapermc_ecumenical_altar_petra
D:2:      layout_loops_cross, minmay_misc_feat_chi, lightli_corner_chamber
D:3:      minmay_octagon_keep, layout_basic, serial_shops, shop,
          portal_sewer_entry_d, minmay_misc_feat_ornament
D:4:      layout_basic, nemelex_spade_bored_becter,
          chequers_serial_rivers_marsh, supply_closet_lemuel
D:5:      layout_loops_ring, serial_shops, nicolae_stop_n_shop_1,
          grunt_ministairs_6, minmay_misc_feat_four_crosses, uniq_duvessa
D:6:      layout_loops_corners, uniq_eustachio, uniq_pikel, uniq_maggie
D:7:      nzn_winding_woodlands_medium [nzn_winding_woodlands_hourglass,
          nzn_winding_woodlands_5x15_river_crossing,
          nzn_winding_woodlands_5x5_perimeter, nzn_winding_woodlands_5x5_three,
          nzn_winding_woodlands_center_lodge,
          nzn_winding_woodlands_5x5_closed_star,
          nzn_winding_woodlands_5x5_open_star, nzn_winding_woodlands_5x15_eye,
          nzn_winding_woodlands_5x5_default], layout_loops_ring, temple_doors_e
Temple:   minmay_crystal_snake_temple

Skill      XL: |  1  2  3  4  5  6  7  8  9 |
---------------+----------------------------+-----
Stealth        | 3 |  3.0
Dodging        | 3 |  3.0
Spellcasting   | 4 5 6 7 9 11 | 11.2
Conjurations   | 2 3 4 5 6 7 |  7.0
Air Magic      | 4 5 6 7 8 |  8.3
Poison Magic   | 1 3 |  3.0
Necromancy     | 3 |  3.0
Ice Magic      | 2 |  2.7
Invocations    | 2 |  2.2
Fighting       | 1 |  1.5

Action                   |  1- 3 |  4- 6 |  7- 9 | 10-12 || total
-------------------------+-------+-------+-------+-------++-------
Melee: Unarmed           |     4 |       |       |       ||     4
       Dagger            |    72 |    24 |       |       ||    96
       Punch             |     1 |       |       |       ||     1
       Falchion          |       |       |    11 |       ||    11
 Cast: Shock             |    37 |    77 |    87 |       ||   201
       Static Discharge  |    13 |    40 |    70 |       ||   123
       Airstrike         |       |       |    32 |     5 ||    37
       Mephitic Cloud    |       |       |     7 |       ||     7
       Vampiric Draining |       |       |     5 |       ||     5
       Ozocubu's Armour  |       |       |     2 |       ||     2
       Swiftness         |       |       |     1 |       ||     1
  Use: Scroll            |       |     3 |     2 |       ||     5
       Potion            |       |       |     2 |       ||     2
 Stab: Sleeping          |     7 |     2 |     3 |       ||    12
Armor: Robe              |    15 |     6 |    14 |       ||    35
       Steam dragon scal |       |       |     5 |       ||     5
Dodge: Dodged            |    68 |    49 |    55 |       ||   172
